 Dungeon Sprint DCSS version 0.24-a0-613-g1ff6aac338 (webtiles) character file.

Game seed: 12047804396547379934, levelgen mode: deterministic

24 Chiseanne the Magician (level 2, -3/19 HPs)
             Began as a Demonspawn Wizard on Sept 11, 2019.
             Slain by an ogre
             ... wielding a +0 giant club
              (5 damage)
             ... in the Dungeon (Sprint I: "Red Sonja").
             The game lasted 00:00:55 (189 turns).

Chiseanne the Magician (Demonspawn Wizard)           Turns: 189, Time: 00:00:55

Health: -3/19      AC:  5    Str:  7    XL:     2   Next: 79%
Magic:  5/6        EV: 10    Int: 19    God:
Gold:   0          SH:  0    Dex: 11    Spells: 7/8 levels left

rFire    . . .     SeeInvis .   f - +0 dagger
rCold    . . .     Gourm    .   (no shield)
rNeg     . . .     Faith    .   i - +0 ring mail
rPois    .         Spirit   .   b - +0 hat
rElec    .         Reflect  .   (no cloak)
rCorr    .         Harm     .   (no gloves)
MR       .....     NoTele   +   (no boots)
Stlth    ++........             (no amulet)
HPRegen  0.06/turn              (no ring)
MPRegen  0.10/turn              (no ring)

@: hasted, very quick
A: spiny 1
a: no special abilities


You were in the Dungeon.
You were not hungry.

You visited 1 branch

Inventory:

Hand Weapons
 f - a +0 dagger (weapon)
Armour
 b - a +0 hat (worn)
 i - a +0 ring mail (worn)
Wands
 c - a wand of digging (6)
Scrolls
 j - a scroll of blinking
Potions
 e - a potion of curing
 h - 2 potions of magic
Comestibles
 d - a ration
 k - a chunk of flesh


   Skills:
 * Level 0.0 Fighting
 * Level 0.0 Armour
 - Level 3.0 Dodging
 - Level 3.2 Stealth
 - Level 3.9 Spellcasting
 - Level 2.8 Conjurations
   Level 1.0 Summonings
   Level 0.8 Translocations


You had 7 spell levels left.
You knew the following spells:

 Your Spells              Type           Power        Failure   Level  Hunger
a - Magic Dart            Conj           ##..         16%         1    None

Your spell library contained the following spells:

 Spells                   Type           Power        Failure   Level  Hunger
 Call Imp                 Summ           #.......     43%         2    ##.....
 Blink                    Tloc           N/A          45%         2    ##.....
 Slow                     Hex            #.......     58%         2    ##.....
 Conjure Flame            Conj/Fire      #.......     63%         3    ###....
 Mephitic Cloud           Conj/Pois/Air  #.......     69%         3    ###....


Dungeon Overview and Level Annotations

Branches:
Dungeon (1/1)

Altars:


Innate Abilities, Weirdness & Mutations

You are partially covered in sharp spines.


Message History

The ogre is moderately wounded.
You hit the ogre.
The ogre is heavily wounded.
The ogre hits you but does no damage.
You hit the ogre but do no damage.
The ogre is heavily wounded.
You barely miss the ogre.
The ogre is heavily wounded.
The ogre hits you but does no damage.
You completely miss the ogre.
The ogre is heavily wounded.
You hit the ogre.
The ogre is heavily wounded.
The ogre is struck by your spines. The ogre barely misses you.
You hit the ogre.
The ogre is heavily wounded.
You hit the ogre but do no damage.
The ogre is heavily wounded.
The ogre is struck by your spines. The ogre hits you with a +0 giant club.
You die...

##########
#<.#..@O.#
#..÷[.#..+
#..#####+#
#..# #..#
#..# #⌠⌠#
####


You could see an ogre.

Vanquished Creatures
  Ijyb (D)
1 creature vanquished.

Notes
Turn   | Place    | Note
-------+----------+-------------------------------------------
     0 | D        | Chiseanne the Demonspawn Wizard began the quest for the
                  | Orb.
     0 | D        | Reached XP level 1. HP: 13/13 MP: 4/4
     1 | D        | Noticed Ijyb
    15 | D        | Killed Ijyb
    15 | D        | Gained mutation: You are partially covered in sharp spines.
                  | [demonic ancestry]
    15 | D        | Reached XP level 2. HP: 13/19 MP: 0/6
   170 | D        | Noticed an ogre
   189 | D        | Slain by an ogre

Levels and vault maps discovered:
D:        dungeon_sprint_1 [red_sonja_temple_1, red_sonja_temple_small_1]

Skill      XL: |  1 |
---------------+----+-----
Dodging        | 3 |  3.0
Stealth        | 3 |  3.2
Conjurations   | 2 |  2.8
Spellcasting   | |  3.9
Summonings     | |  1.0
Translocations | |  0.8

Action                   || total
-------------------------++-------
Melee: Unarmed           ||     8
       Dagger            ||    14
 Cast: Magic Dart        ||     5
  Use: Potion            ||     3
Armor: Ring mail         ||     2
Dodge: Dodged            ||    10

Table legend:
 A = Non-vault XP
 B = Vault XP
 C = Vault XP percentage of total XP
 D = Non-vault monster count
 E = Vault monster count
 F = Vault count percentage of total count
                 A         B        C        D         E       F
            +---------+---------+-------+---------+---------+-------
      Total |       0 |      35 | 100.0 |       0 |       1 | 100.0
            +---------+---------+-------+---------+---------+-------
          D |       0 |      35 | 100.0 |       0 |       1 | 100.0
            +---------+---------+-------+---------+---------+-------
